Map: Orbital Shipyard

Players

NaiveZerg

  • Race: Zerg Zerg
  • League: Diamond

Flox - Winner!

  • Race: Terran Terran
  • League: Diamond

VOD

Have the link to the VOD?

Description

Time

  • Played on: Nov. 24, 2015, 2:34 p.m.
  • Length: 6:27
Show
View Real Time Build Order
Export as new Build Order

NaiveZerg Zerg 

Build Orders: Hatch First 

Get SALT Encoding   

  12  0:01  Drone  
  13  0:10  Drone  
  14  0:18  Overlord  
  14  0:38  Drone x2  
  16  0:46  Drone  
  17  0:55  Hatchery  
  16  0:59  Drone  
  17  1:16  Spawning Pool  
  17  1:17  Drone  
  17  1:26  Drone  
  17  1:27  Extractor  
  17  1:35  Drone  
  18  1:42  Drone  
  19  1:57  Overlord  
  19  2:04  Queen  
  19  2:07  Queen  
  22  2:09  Extractor  
  22  2:17  Roach Warren, Zergling x4  
  22  2:18  Zergling x2  
  24  2:27  Drone  
  24  2:29  Drone x2  
  26  2:52  Overlord  
  26  2:58  Roach x4  
  34  3:10  Roach x2  
  37  3:23  Roach x2  
  37  3:24  Overlord  
  37  3:25  Drone  
  41  3:45  Drone x6  
  41  3:46  Drone x2  
  45  4:04  Roach x3  
  49  4:19  Hatchery  
  46  4:29  Drone x5  
  47  4:38  Roach  
  45  4:44  Overlord  
  47  4:48  Roach  
  49  4:57  Roach  
  51  5:08  Roach x3  
  49  5:20  Roach  
  50  5:21  Zergling x2  
  50  5:22  Zergling x12  
  50  5:25  Extractor x2  
  50  5:32  Roach  
  44  5:36  Roach  
  41  5:46  Roach, Queen  
  41  5:47  Queen  
  41  5:51  Zergling x4  
  32  6:04  Roach x2  
  32  6:06  Zergling x2  
Show
View Real Time Build Order
Export as new Build Order

Flox Terran - Winner!

Build Orders:  

Get SALT Encoding   

  12  0:00  SCV  
  13  0:12  SCV  
  14  0:17  Supply Depot  
  14  0:25  SCV  
  15  0:39  SCV  
  15  0:40  Barracks  
  16  0:44  Refinery  
  16  0:51  SCV  
  17  0:59  Barracks  
  17  1:03  SCV  
  18  1:15  SCV  
  18  1:17  Refinery  
  19  1:30  SCV  
  20  1:33  Reaper  
  20  1:35  Supply Depot  
  21  1:56  Orbital Command  
  21  1:57  Reaper  
  22  2:05  Reaper  
  23  2:12  Barracks  
  23  2:22  SCV  
  24  2:27  Barracks  
  24  2:31  Reaper  
  24  2:34  SCV  
  26  2:42  Reaper  
  27  2:46  SCV  
  28  2:52  Supply Depot  
  29  2:58  SCV  
  29  3:00  Reaper  
  29  3:03  Reaper  
  31  3:13  SCV  
  32  3:24  Supply Depot, Reaper  
  32  3:25  SCV, Reaper  
  35  3:42  Reaper x2  
  37  3:58  Reaper  
  37  4:03  SCV, Reaper  
  39  4:14  Reaper  
  39  4:15  Reaper  
  39  4:16  Command Center  
  41  4:24  SCV  
  41  4:30  Reaper  
  43  4:35  Reaper  
  45  4:38  SCV  
  45  4:41  Barracks  
  45  4:45  Barracks  
  45  4:46  Supply Depot, Reaper  
  45  4:47  Reaper  
  45  4:50  SCV  
  45  4:51  Barracks  
  48  5:02  SCV, Reaper  
  48  5:06  Barracks  
  49  5:15  Reaper  
  49  5:19  Reaper  
  49  5:36  Reaper  
  49  5:37  Reaper  
  49  5:38  Reaper x2  
  53  5:50  Reaper x2  
Tags
 
Add a new tag
Caveats
  • Supply blocks, unpowered buildings, or Contaminate may cause inaccurate times.
  • Supply counts are checked every 10 seconds.